| TOP OF THE 1ST |
|
Akron RubberDucks batting - Pitching for Northwest Arkansas Naturals : RHP Justin Nipper
|
|
Pitching: RHP Justin Nipper
|
|
|
Batting: LHB Nick Welling
|
0-0: Ground out U3 (Groundball, 3, EV 88.1 MPH)
|
|
Batting: LHB Kazuyoshi Nakamura
|
0-0: Fly out, F8 (Flyball, 78S, EV 90.6 MPH)
|
|
Batting: SHB Valentin Laporte
|
0-0: Ball 1-0: Called Strike 1-1: SINGLE (Groundball, 56D, EV 108.1 MPH)
|
|
Batting: RHB Tristan Wright
|
0-0: Called Strike 0-1: Ground out 1-3 (Groundball, 34S, EV 66.9 MPH)
|
| Top of the 1st over - 0 runs, 1 hit, 0 errors, 1 left on base; Akron 0 - Northwest Arkansas 0 |
| BOTTOM OF THE 1ST |
|
Northwest Arkansas Naturals batting - Pitching for Akron RubberDucks : RHP Ferdi Schipper
|
|
Pitching: RHP Ferdi Schipper
|
|
|
Batting: SHB Ryoji Hiraoka
|
0-0: Fly out, F7 (Flyball, 7, EV 93.1 MPH)
|
|
Batting: RHB Kazuki Arai
|
0-0: Ball 1-0: SINGLE (Line Drive, 7S, EV 98.8 MPH)
|
|
Batting: RHB Kevin Wimberly
|
0-0: Ball Kazuki Arai is caught stealing 2nd base 2-4 1-0: Ball 2-0: Ball 3-0: Called Strike 3-1: Ground out 6-3 (Groundball, 6, EV 84.4 MPH)
|
| Bottom of the 1st over - 0 runs, 1 hit, 0 errors, 0 left on base; Akron 0 - Northwest Arkansas 0 |
| TOP OF THE 2ND |
|
Akron RubberDucks batting - Pitching for Northwest Arkansas Naturals : RHP Justin Nipper
|
|
Batting: LHB Frank Hill
|
0-0: Ball 1-0: SINGLE (Flyball, 89S, EV 88.8 MPH)
|
|
Batting: RHB Chris Folse
|
0-0: Called Strike Frank Hill steals 2nd base 0-1: Ball 1-1: Ball 2-1: Foul Ball, location: 2F 2-2: Foul Ball, location: 2F 2-2: Ball 3-2: Foul Ball, location: 2F 3-2: Ground out 5-3 (Groundball, 5S, EV 84.4 MPH)
|
|
Batting: RHB Jose Valtierra
|
0-0: Foul Ball, location: 2F 0-1: Ground out U3 (Groundball, 3, EV 88.8 MPH) Frank Hill to third
|
|
Batting: RHB Joeri Plas
|
0-0: Ball 1-0: Foul Ball, location: 2F 1-1: Ground out 5-3 (Groundball, 56, EV 80.0 MPH)
|
| Top of the 2nd over - 0 runs, 1 hit, 0 errors, 1 left on base; Akron 0 - Northwest Arkansas 0 |
| BOTTOM OF THE 2ND |
|
Northwest Arkansas Naturals batting - Pitching for Akron RubberDucks : RHP Ferdi Schipper
|
|
Batting: RHB Alex Cid
|
0-0: Ball 1-0: Foul Ball, location: 2F 1-1: Ball 2-1: Foul Ball, location: 2F 2-2: Foul Ball, location: 2F 2-2: Ground out 6-3 (Groundball, 6S, EV 72.5 MPH)
|
|
Batting: RHB William Lung
|
0-0: Ball 1-0: Called Strike 1-1: Swinging Strike 1-2: Ball 2-2: SINGLE (Flyball, 9LS, EV 94.4 MPH)
|
|
Batting: RHB Edwin Ramos
|
0-0: SINGLE (Groundball, 4MD, EV 106.9 MPH) William Lung to second Runner from 2nd tries for 3rd, SAFE, throw by CF made to third
|
|
Batting: LHB Joe Cozart
|
0-0: Called Strike 0-1: Called Strike 0-2: Ball 1-2: Fielders Choice at 2nd, 4-6 (Groundball, 34D, EV 106.2 MPH) William Lung scores
|
|
Batting: RHB Eric Erickson
|
0-0: Ball 1-0: Called Strike 1-1: Ball 2-1: Ground out U3 (Groundball, 3L, EV 102.5 MPH)
|
| Bottom of the 2nd over - 1 run, 2 hits, 0 errors, 1 left on base; Akron 0 - Northwest Arkansas 1 |
| TOP OF THE 3RD |
|
Akron RubberDucks batting - Pitching for Northwest Arkansas Naturals : RHP Justin Nipper
|
|
Batting: SHB Javon Mitchell
|
0-0: Called Strike 0-1: Foul Ball, location: 2F 0-2: Ball 1-2: Strikes out swinging
|
|
Pitching: RHP Mike Tuck
|
|
|
Batting: LHB Nick Welling
|
0-0: Ball 1-0: Ground out 4-3 (Groundball, 4S, EV 82.5 MPH)
|
|
Batting: LHB Kazuyoshi Nakamura
|
0-0: Ball 1-0: Swinging Strike 1-1: Foul Ball, location: 2F 1-2: Foul Ball, location: 2F 1-2: Ground out U3 (Groundball, 34, EV 87.5 MPH)
|
| Top of the 3rd over - 0 runs, 0 hits, 0 errors, 0 left on base; Akron 0 - Northwest Arkansas 1 |
| BOTTOM OF THE 3RD |
|
Northwest Arkansas Naturals batting - Pitching for Akron RubberDucks : RHP Ferdi Schipper
|
|
Batting: SHB Danny Ballenger
|
0-0: Called Strike 0-1: Ground out 6-3 (Groundball, 6, EV 93.8 MPH)
|
|
Batting: SHB Ryoji Hiraoka
|
0-0: Called Strike 0-1: Foul Ball, location: 2F 0-2: Strikes out looking
|
|
Batting: RHB Kazuki Arai
|
0-0: Called Strike 0-1: Fly out, F8 (Line Drive, 8LM, EV 109.4 MPH)
|
| Bottom of the 3rd over - 0 runs, 0 hits, 0 errors, 0 left on base; Akron 0 - Northwest Arkansas 1 |
| TOP OF THE 4TH |
|
Akron RubberDucks batting - Pitching for Northwest Arkansas Naturals : RHP Mike Tuck
|
|
Batting: SHB Valentin Laporte
|
0-0: Ball 1-0: Ball 2-0: Ball 3-0: Called Strike 3-1: Called Strike 3-2: Ground out 4-3 (Groundball, 4D, EV 86.2 MPH)
|
|
Batting: RHB Tristan Wright
|
0-0: Foul Ball, location: 2F 0-1: Ball 1-1: Swinging Strike 1-2: SINGLE (Groundball, 56S, EV 66.2 MPH) (infield hit)
|
|
Batting: LHB Frank Hill
|
0-0: Foul Ball, location: 2F Pickoff Throw to First - Out! 1-3 0-1: Ball 1-1: Ground out 4-3 (Groundball, 4, EV 102.5 MPH)
|
| Top of the 4th over - 0 runs, 1 hit, 0 errors, 0 left on base; Akron 0 - Northwest Arkansas 1 |
| BOTTOM OF THE 4TH |
|
Northwest Arkansas Naturals batting - Pitching for Akron RubberDucks : RHP Ferdi Schipper
|
|
Batting: RHB Kevin Wimberly
|
0-0: Foul Ball, location: 2F 0-1: Foul Ball, location: 2F 0-2: Ball 1-2: Ball 2-2: Strikes out swinging
|
|
Batting: RHB Alex Cid
|
0-0: Called Strike 0-1: Ground out 6-3 (Groundball, 6M, EV 105.0 MPH)
|
|
Batting: RHB William Lung
|
0-0: Foul Ball, location: 2F 0-1: Foul Ball, location: 2F 0-2: Ball 1-2: Foul Ball, location: 2F 1-2: Ball 2-2: Ball 3-2: SINGLE (Line Drive, 89M, EV 96.2 MPH)
|
|
Batting: RHB Edwin Ramos
|
0-0: Swinging Strike 0-1: Swinging Strike 0-2: Strikes out looking
|
| Bottom of the 4th over - 0 runs, 1 hit, 0 errors, 1 left on base; Akron 0 - Northwest Arkansas 1 |
| TOP OF THE 5TH |
|
Akron RubberDucks batting - Pitching for Northwest Arkansas Naturals : RHP Mike Tuck
|
|
Pitching: RHP John Barnett
|
|
|
Pinch Hitting: LHB Jesus Romero
|
0-0: Ball 1-0: Ball 2-0: Ball 3-0: Called Strike 3-1: Foul Ball, location: 2F 3-2: Base on Balls
|
|
Pinch Hitting: LHB Tetsuya Oba
|
0-0: Ball 1-0: Called Strike Pickoff Throw to First - Out! 1-3 CS 1-1: Foul Ball, location: 2F 1-2: Ball 2-2: Fly out, F8 (Flyball, 8LM, EV 76.2 MPH)
|
|
Batting: RHB Joeri Plas
|
0-0: Foul Ball, location: 2F 0-1: Foul Ball, location: 2F 0-2: Ball 1-2: Ball 2-2: Ball 3-2: Foul Ball, location: 2F 3-2: Base on Balls
|
|
Pitching: RHP Philip Terrell
|
|
|
Batting: SHB Javon Mitchell
|
0-0: Called Strike 0-1: Called Strike 0-2: Ball Passed Ball! Joeri Plas to second 1-2: DOUBLE (Line Drive, 78M, EV 101.2 MPH) Joeri Plas scores
|
|
Batting: LHB Nick Welling
|
0-0: Ball 1-0: Foul Ball, location: 2F 1-1: Ground out 6-3 (Groundball, 6, EV 96.2 MPH)
|
| Top of the 5th over - 1 run, 1 hit, 0 errors, 1 left on base; Akron 1 - Northwest Arkansas 1 |
| BOTTOM OF THE 5TH |
|
Northwest Arkansas Naturals batting - Pitching for Akron RubberDucks : RHP Ferdi Schipper
|
|
Now at 3B: Chris Fitzgerald
|
|
|
Now in CF: Jarrod Lindblad
|
|
|
Batting: LHB Joe Cozart
|
0-0: Ball 1-0: Ball 2-0: Fly out, F9 (Line Drive, 89D, EV 101.2 MPH)
|
|
Batting: RHB Eric Erickson
|
0-0: Called Strike 0-1: Ground out 4-3 (Groundball, 4MD, EV 90.6 MPH)
|
|
Batting: SHB Danny Ballenger
|
0-0: Ball 1-0: Ball 2-0: Swinging Strike 2-1: Foul Ball, location: 2F 2-2: Ball 3-2: Foul Ball, location: 2F 3-2: Foul Ball, location: 2F 3-2: Strikes out swinging
|
| Bottom of the 5th over - 0 runs, 0 hits, 0 errors, 0 left on base; Akron 1 - Northwest Arkansas 1 |
| TOP OF THE 6TH |
|
Akron RubberDucks batting - Pitching for Northwest Arkansas Naturals : RHP Philip Terrell
|
|
Batting: LHB Kazuyoshi Nakamura
|
0-0: Ball 1-0: Ball 2-0: Ball 3-0: Called Strike 3-1: Called Strike 3-2: Ground out 6-3 (Groundball, 6, EV 83.1 MPH)
|
|
Batting: SHB Valentin Laporte
|
0-0: Foul Ball, location: 2F 0-1: Called Strike 0-2: SINGLE (Groundball, 6D, EV 93.8 MPH)
|
|
Batting: RHB Tristan Wright
|
0-0: Ball 1-0: Called Strike Valentin Laporte steals 2nd, throwing error, E2 Valentin Laporte to third 1-1: Called Strike 1-2: Ball 2-2: Ball 3-2: Foul Ball, location: 2F 3-2: Foul Ball, location: 2F 3-2: Base on Balls
|
|
Pitching: RHP Matthew Orphan
|
|
|
Batting: LHB Frank Hill
|
0-0: Swinging Strike 0-1: Ball 1-1: Ball Tristan Wright steals 2nd base 2-1: Called Strike 2-2: Strikes out swinging
|
|
Pinch Hitting: LHB Hirakito Herring
|
0-0: Ball 1-0: Called Strike 1-1: Foul Ball, location: 2F 1-2: Ball 2-2: SINGLE (Groundball, 4M, EV 100.6 MPH) (infield hit) Valentin Laporte scores Tristan Wright to third
|
|
Batting: SHB Jarrod Lindblad
|
0-0: Ball 1-0: Called Strike 1-1: Swinging Strike 1-2: Foul Ball, location: 2F 1-2: Foul Ball, location: 2F 1-2: Foul Ball, location: 2F 1-2: Ball 2-2: Foul Ball, location: 2F 2-2: Fielders Choice at 2nd, 6-4 (Groundball, 6D, EV 98.8 MPH)
|
| Top of the 6th over - 1 run, 2 hits, 1 error, 2 left on base; Akron 2 - Northwest Arkansas 1 |
| BOTTOM OF THE 6TH |
|
Northwest Arkansas Naturals batting - Pitching for Akron RubberDucks : RHP Ferdi Schipper
|
|
Now at 3B: Charles Marcel
|
|
|
Batting: SHB Ryoji Hiraoka
|
0-0: Fly out, F7 (Flyball, 78XD, EV 94.4 MPH)
|
|
Batting: RHB Kazuki Arai
|
0-0: Ball 1-0: Ball 2-0: Ball 3-0: Called Strike 3-1: Called Strike 3-2: Ground out 4-3 (Groundball, 4, EV 90.0 MPH)
|
|
Batting: RHB Kevin Wimberly
|
0-0: Ball 1-0: SINGLE (Groundball, 4D, EV 100.6 MPH)
|
|
Batting: RHB Alex Cid
|
0-0: Ball 1-0: Foul Ball, location: 2F 1-1: Called Strike 1-2: Fly out, F8 (Flyball, 8RS, EV 93.1 MPH)
|
| Bottom of the 6th over - 0 runs, 1 hit, 0 errors, 1 left on base; Akron 2 - Northwest Arkansas 1 |
| TOP OF THE 7TH |
|
Akron RubberDucks batting - Pitching for Northwest Arkansas Naturals : RHP Matthew Orphan
|
|
Pitching: RHP Justin Potts
|
|
|
Batting: RHB Joeri Plas
|
0-0: Swinging Strike 0-1: Swinging Strike 0-2: Strikes out swinging
|
|
Batting: SHB Javon Mitchell
|
0-0: Ball 1-0: Ball 2-0: Ground out 4-3 (Groundball, 4S, EV 88.8 MPH)
|
|
Batting: LHB Nick Welling
|
0-0: Foul Ball, location: 2F 0-1: Ball 1-1: Fly out, F6 (Line Drive, 6D, EV 57.5 MPH)
|
| Top of the 7th over - 0 runs, 0 hits, 0 errors, 0 left on base; Akron 2 - Northwest Arkansas 1 |
| BOTTOM OF THE 7TH |
|
Northwest Arkansas Naturals batting - Pitching for Akron RubberDucks : RHP Ferdi Schipper
|
|
Batting: RHB William Lung
|
0-0: Ball 1-0: Ball 2-0: DOUBLE (Line Drive, 8RXD, EV 105.6 MPH)
|
|
Batting: RHB Edwin Ramos
|
0-0: Fly out, F8 (Flyball, 8LD, EV 101.9 MPH)
|
|
Batting: LHB Joe Cozart
|
0-0: Called Strike 0-1: Ball 1-1: Ball 2-1: Swinging Strike 2-2: Ball 3-2: Base on Balls
|
|
Pinch Hitting: LHB Bobby Gonzalez
|
0-0: Ball 1-0: Called Strike 1-1: Ball 2-1: Swinging Strike 2-2: Ball 3-2: Strikes out swinging
|
|
Batting: SHB Danny Ballenger
|
0-0: Called Strike 0-1: Called Strike 0-2: Strikes out swinging
|
| Bottom of the 7th over - 0 runs, 1 hit, 0 errors, 2 left on base; Akron 2 - Northwest Arkansas 1 |
| TOP OF THE 8TH |
|
Akron RubberDucks batting - Pitching for Northwest Arkansas Naturals : RHP Justin Potts
|
|
Now at 3B: Kasey Bland
|
|
|
Batting: LHB Kazuyoshi Nakamura
|
0-0: Called Strike 0-1: Ball 1-1: Ball 2-1: Ball 3-1: Called Strike 3-2: Strikes out looking
|
|
Batting: SHB Valentin Laporte
|
0-0: Ball 1-0: Swinging Strike 1-1: Swinging Strike 1-2: Ball 2-2: DOUBLE (Line Drive, 7LS, EV 106.9 MPH)
|
|
Pitching: RHP Brian Straub
|
|
|
Batting: RHB Tristan Wright
|
0-0: Foul Ball, location: 2F 0-1: Swinging Strike 0-2: Ball 1-2: SINGLE (Line Drive, 78S, EV 98.8 MPH) Valentin Laporte to third
|
|
Batting: LHB Frank Hill
|
0-0: 3-RUN HOME RUN (Flyball, 9D, EV 110.6 MPH), Distance : 403 ft
|
|
Batting: RHB Charles Marcel
|
0-0: Ground out 5-3 (Groundball, 5, EV 103.8 MPH)
|
|
Batting: SHB Jarrod Lindblad
|
0-0: Called Strike 0-1: Ball 1-1: Foul Ball, location: 2F 1-2: Strikes out swinging
|
| Top of the 8th over - 3 runs, 3 hits, 0 errors, 0 left on base; Akron 5 - Northwest Arkansas 1 |
| BOTTOM OF THE 8TH |
|
Northwest Arkansas Naturals batting - Pitching for Akron RubberDucks : RHP Ferdi Schipper
|
|
Pitching: RHP Jared Van Heel
|
|
|
Now at 2B: Willie Gonzales
|
|
|
Batting: SHB Ryoji Hiraoka
|
0-0: Ball 1-0: Ground out 6-3 (Groundball, 6M, EV 101.2 MPH)
|
|
Batting: RHB Kazuki Arai
|
0-0: Ball 1-0: Swinging Strike 1-1: Swinging Strike 1-2: Strikes out swinging
|
|
Batting: RHB Kevin Wimberly
|
0-0: Called Strike 0-1: Ball 1-1: Ground out 6-3 (Groundball, 6, EV 106.2 MPH)
|
| Bottom of the 8th over - 0 runs, 0 hits, 0 errors, 0 left on base; Akron 5 - Northwest Arkansas 1 |
| TOP OF THE 9TH |
|
Akron RubberDucks batting - Pitching for Northwest Arkansas Naturals : RHP Brian Straub
|
|
Batting: RHB Joeri Plas
|
0-0: Foul Ball, location: 2F 0-1: Foul Ball, location: 2F 0-2: Ball 1-2: Ball 2-2: Ball 3-2: Base on Balls
|
|
Batting: SHB Javon Mitchell
|
0-0: Bunt missed! 0-1: Sac Bunt to 25 - play at first, batter OUT! 5-3 Joeri Plas to second
|
|
Pitching: RHP Junsuke Abe
|
|
|
Batting: LHB Nick Welling
|
0-0: Called Strike 0-1: SINGLE (Groundball, 4D, EV 94.4 MPH) Joeri Plas to third Runner from 3rd tries for Home, SAFE, throw by CF to home Nick Welling to second
|
|
Batting: LHB Kazuyoshi Nakamura
|
0-0: Called Strike 0-1: Fly out, F7 (Flyball, 7S, EV 88.1 MPH)
|
|
Batting: SHB Valentin Laporte
|
0-0: SINGLE (Line Drive, 6D, EV 97.5 MPH) Nick Welling to third Runner from 3rd tries for Home, SAFE, throw by CF to home
|
|
Batting: RHB Willie Gonzales
|
0-0: Called Strike 0-1: Ball 1-1: Foul Ball, location: 2F 1-2: Ball 2-2: Foul Ball, location: 2F 2-2: Ball 3-2: Foul Ball, location: 2F 3-2: Base on Balls Valentin Laporte to second
|
|
Batting: LHB Frank Hill
|
0-0: Ball 1-0: Ball 2-0: Ball 3-0: Base on Balls Valentin Laporte to third Willie Gonzales to second
|
|
Batting: RHB Charles Marcel
|
0-0: Foul Ball, location: 2F 0-1: Called Strike 0-2: Ball 1-2: Foul Ball, location: 2F 1-2: Ball 2-2: Ball 3-2: Foul Ball, location: 2F 3-2: Strikes out swinging
|
| Top of the 9th over - 2 runs, 2 hits, 0 errors, 3 left on base; Akron 7 - Northwest Arkansas 1 |
| BOTTOM OF THE 9TH |
|
Northwest Arkansas Naturals batting - Pitching for Akron RubberDucks : RHP Jared Van Heel
|
|
Batting: RHB Alex Cid
|
0-0: Ball 1-0: Foul Ball, location: 2F 1-1: Foul Ball, location: 2F 1-2: Foul Ball, location: 2F 1-2: Ball 2-2: DOUBLE (Line Drive, 7LS, EV 109.4 MPH)
|
|
Batting: RHB William Lung
|
0-0: Ball 1-0: Foul Ball, location: 2F 1-1: Ball 2-1: Swinging Strike 2-2: Ball 3-2: Base on Balls
|
|
Batting: RHB Edwin Ramos
|
0-0: Called Strike 0-1: Fly out, F8 (Flyball, 8RD, EV 96.9 MPH)
|
|
Batting: LHB Joe Cozart
|
0-0: Swinging Strike 0-1: Foul Ball, location: 2F 0-2: Ball 1-2: Ball 2-2: Strikes out swinging
|
|
Pinch Hitting: LHB Randy Stapleton
|
0-0: Fly out, F8 (Flyball, 8LM, EV 75.6 MPH)
|
| Bottom of the 9th over - 0 runs, 1 hit, 0 errors, 2 left on base; Akron 7 - Northwest Arkansas 1 |
|